 Dungeon Crawl Stone Soup version 0.29-a0-418-gc0181ea820 (webtiles) character file.

Game seed: 17451505609397446524

36027 siradein the Warrior (level 14, 0/114 HPs)
             Began as a Djinni Hedge Wizard on May 18, 2022.
             Was an Elder of Qazlal.
             Killed from afar by a rime drake (4 damage)
             ... with a flash freeze
             ... in an ice cave.
             The game lasted 01:38:49 (19331 turns).

siradein the Warrior (Djinni Hedge Wizard)         Turns: 19331, Time: 01:38:50

Health: 0/114      AC: 17    Str:  9    XL:     14   Next: 21%
Gold:   1126       EV:  9    Int: 22    God:    Qazlal [****..] SH: 11 Dex: 12

rFire   + + .      SeeInvis +   x - staff of cold
rCold   + . .      Faith    .   L - +0 kite shield
rNeg    . . .      Spirit   .   I - +4 troll leather armour
rPois   ∞          Reflect  .   G - +2 hat {SInv}
rElec   .          Harm     .   (no cloak)
rCorr   .          Rampage  .   j - +2 pair of gloves
Will    ++...                   (boots unavailable)
Stlth   +.........              D - amulet of regeneration
HPRegen 1.89/turn               s - +4 ring of protection
MPRegen 0.00/turn               c - ring of willpower

@: protected from cold, flying, repel missiles
A: sickness immunity, fire resistance 2, cold vulnerability 1, float, innate
caster, HP casting, extra vitality 1
a: Renounce Religion, Upheaval, Elemental Force


You were in an ice cave.
You worshipped Qazlal.
Qazlal was greatly pleased with you.
You visited 3 branches of the dungeon, and saw 17 of its levels.
You also visited: Ice Cave.

You collected 1171 gold pieces.
You spent 45 gold pieces at shops.

Inventory:

Hand Weapons
 u - the +12 mace "Niso" {freeze, Dex+3}
   (You found it on level 9 of the Dungeon)

   It freezes those it strikes, dealing additional cold damage.
   It can also slow down cold-blooded creatures.
   Dex:       It affects your dexterity (+3).
Missiles
 a - 6 curare-tipped darts
 g - 496 stones
 v - 7 throwing nets
 A - 28 poisoned darts
Armour
 j - a +2 pair of gloves (worn)
 E - a +0 buckler
 G - a +2 hat of see invisible (worn)
 I - a +4 troll leather armour (worn)
 L - a +0 kite shield (worn)
Magical Staves
 x - a staff of cold (weapon)
Jewellery
 c - a ring of willpower (right hand)
 h - a ring of positive energy
 s - a +4 ring of protection (left hand)
 D - an amulet of regeneration (around neck)
 H - a +6 ring of dexterity
Wands
 y - a wand of iceblast (5)
 J - a wand of flame (37)
 O - a wand of digging (9)
 P - a wand of acid (10)
 S - a wand of polymorph (4)
Scrolls
 d - 6 scrolls of enchant weapon
 i - a scroll of fog
 l - a scroll of summoning
 m - a scroll of magic mapping
 n - 5 scrolls of poison
 p - a scroll of immolation
 r - 5 scrolls of teleportation
 w - 2 scrolls of fear {unknown}
 z - 2 scrolls of brand weapon {unknown}
 F - 4 scrolls of vulnerability {unknown}
 M - a scroll of blinking
 R - a scroll of acquirement {unknown}
Potions
 b - 3 potions of cancellation
 e - 12 potions of curing
 f - 11 potions of heal wounds
 k - 2 potions of mutation
 o - a potion of ambrosia {unknown}
 q - 4 potions of haste {unknown}
 t - 8 potions of brilliance {unknown}
 B - 3 potions of might {unknown}
 C - a potion of experience {unknown}
 K - 2 potions of resistance {unknown}
 N - 2 potions of lignification {unknown}
 T - a potion of magic {unknown}
Miscellaneous
 Q - a lightning rod (4/4)


   Skills:
 - Level 15.0 Fighting
 - Level 2.1 Dodging
 - Level 1.5 Stealth
 + Level 13.8 Spellcasting
 + Level 3.7 Invocations


You had 9 spell levels left.
You knew the following spells:

 Your Spells              Type           Power      Damage    Failure   Level
a - Freezing Cloud        Conj/Ice/Air   42%        6-21      1%          5
b - Blink                 Tloc           100%       N/A       1%          2
c - Call Imp              Summ           66%        N/A       1%          2
d - Slow                  Hex            100%       N/A       1%          1
e - Conjure Flame         Conj/Fire      66%        6-21      1%          3
f - Mephitic Cloud        Conj/Pois/Air  66%        N/A       1%          3
g - Sandblast             Erth           100%       2d20      1%          1
h - Static Discharge      Conj/Air       66%        N/A       1%          2
i - Gell's Gravitas       Tloc           66%        N/A       1%          3
j - Lesser Beckoning      Tloc           66%        N/A       1%          3
k - Metabolic Englaciati  Hex/Ice        42%        N/A       1%          5
l - Magic Dart            Conj           100%       1d8       1%          1
Your spell library was empty.

Dungeon Overview and Level Annotations

Branches:
Dungeon (12/15)            Temple (1/1) D:7            Lair (4/6) D:9
 Shoals (0/4) Lair:4       Spider (0/4) Lair:3          Orc (0/2) D:9
  IceCv (1/1)

Altars:
Cheibriados
Elyvilon
Fedhas
Gozag
Hepliaklqana
Kikubaaqudgha
Makhleb
Nemelex Xobeh
Qazlal
Ru
Sif Muna
Trog
Uskayaw
Vehumet
Wu Jian
Zin
The Shining One

Shops:
D:7 *

Annotations:
IceCv exclusion: ice statue


Innate Abilities, Weirdness & Mutations

You are immune to sickness and miasma.
You are immune to poison.
Your flesh is very heat resistant. (rF++)
You are vulnerable to cold. (rC-)
You float through the air rather than walking.
You learn spells naturally, not from books.
Your magical power is your life essence.
You have superior vitality. (+4 MHP)


Message History

The blast of magma engulfs the frost giant.
The frost giant is heavily wounded.
The blast of magma engulfs the polar bear but does no damage.
The polar bear is severely wounded.
You can no longer call upon nature's wrath in a wide area around you.
The frost giant casts a spell at you.
The bolt of cold hits the polar bear!
The polar bear resists.
The bolt of cold hits you!! You resist.
* * * LOW HITPOINT WARNING * * *
Unknown command.
Aiming: Upheaval
Press: ? - help, Dir - move target, f/p - frost giant
Aim: a frost giant, wielding a +1 battleaxe of freezing (heavily wounded)
The ground shakes violently, spewing rubble!
The blast of rubble hits the frost giant!
The frost giant is severely wounded.
The polar bear goes berserk!
The frost giant casts a spell at you.
The bolt of cold hits the polar bear!
The polar bear resists.
The polar bear dies!
The bolt of cold hits you! You resist.
* * * LOW HITPOINT WARNING * * *
Unknown command.
Aiming: Upheaval
Press: ? - help, Dir - move target, f/p - frost giant
Aim: a frost giant, wielding a +1 battleaxe of freezing (severely wounded)
A blizzard blasts the area with ice!
The blast of ice hits the frost giant.
The frost giant partially resists.
The frost giant is almost dead.
The frost giant is flash-frozen.
Aiming: Upheaval
Press: ? - help, Dir - move target, f/p - frost giant
Aim: a frost giant, wielding a +1 battleaxe of freezing (almost dead, encased in ice)
A storm cloud blasts the area with cutting wind!
The cutting wind hits the frost giant!!
You kill the frost giant!
Qazlal accepts your kill. The rime drake breathes ice at you.
The flash freeze hits you. You partially resist.
You die...

#..##
##..#
#.#.#
##..##
##..#
##..## #
##.#
##..## ##
##..#
#..######.
##..##
#..#...#..
#..##
##.†.##...
#.#.#
####.....
##@.##
##..##
##§§# ####
##§##
###.#k#
###≈≈h.##
# #≈≈≈≈k##
####≈≈≈#
#†≈≈≈#
Yh#####


You could see a rime drake (catching breath).

Vanquished Creatures
  Gastronok (D:10)
  A frost giant (IceCv)
  A hydra (Lair:3)
  Harold (D:11)
  A boulder beetle (D:11)
  A two-headed ogre (D:11)
  Erica (D:8)
  4 death yaks (IceCv)
  5 skeletal warriors (D:11)
  Pikel (D:8)
  An oklob plant (Lair:2)
  An ugly thing (IceCv)
  A manticore (D:11)
  5 elephants (Lair:4)
  A gargoyle (D:10)
  A torpor snail (Lair:3)
  2 black mambas (Lair:3)
  9 cane toads
  2 unseen horrors
  4 rime drakes
  2 komodo dragons
  A troll (D:8)
  2 ice devils (Lair:4)
  7 polar bears
  12 blink frogs
  A shadow (D:11)
  3 wraiths
  22 yaks
  3 wyverns
  The ghost of BleedingAnus the Poker, an amateur MiBe of Trog (D:3)
  Grum (D:8)
  4 basilisks
  3 vampire mosquitoes (D:11)
  4 steam dragons
  Menkaure (D:4)
  An acid dragon (D:9)
  5 water moccasins
  2 ice beasts
  3 orc warriors
  2 ogres
  4 black bears
  15 wolves
  6 centaurs
  A lemure (D:8)
  2 phantoms (D:6)
  11 bullfrogs
  A kobold brigand (D:11)
  3 gnoll sergeants
  2 necrophages
  3 scorpions
  10 wights (D:8)
  17 killer bees
  A crimson imp (D:4)
  9 hounds
  3 orc priests
  5 gnoll shamans
  2 iguanas
  7 orc wizards
  A mummy (D:5)
  31 gnolls
  11 adders
  A shadow imp (D:5)
  A white imp (D:7)
  3 ufetubi
  A worm (D:2)
  15 orcs
  7 ball pythons
  7 bats
  10 endoplasms
  6 giant cockroaches
  7 goblins
  8 hobgoblins
  7 jackals
  13 kobolds
  4 quokkas
  5 frilled lizards
  A goblin skeleton (D:4)
  A goblin zombie (D:4)
  5 hobgoblin zombies
  4 kobold skeletons (D:4)
  3 kobold zombies
  2 orc zombies (D:4)
  2 rats (D:2)
382 creatures vanquished.

Vanquished Creatures (collateral kills)
  3 killer bees
  A jelly (D:5)
  An iguana (D:4)
  An orc (D:8)
  A goblin (D:4)
7 creatures vanquished.

Vanquished Creatures (others)
  A polar bear (IceCv)
  67 fungi
  64 plants
  2 withered plants (D:3)
134 creatures vanquished.

Grand Total: 523 creatures vanquished

Notes
Turn   | Place    | Note
-------+----------+-------------------------------------------
     0 | D:1      | siradein the Djinni Hedge Wizard began the quest for the
                  | Orb.
     0 | D:1      | Reached XP level 1. HP: 15/15 MP: 0/0
   593 | D:1      | Reached XP level 2. HP: 21/22 MP: 0/0
   617 | D:1      | Reached skill level 1 in Fighting
  1076 | D:1      | Reached XP level 3. HP: 18/27 MP: 0/0
  1076 | D:1      | Learned a level 1 spell: Sandblast
  1418 | D:1      | Found a faded altar of an unknown god.
  2201 | D:2      | Reached skill level 2 in Fighting
  2281 | D:2      | Reached XP level 4. HP: 21/33 MP: 0/0
  3290 | D:2      | Reached XP level 5. HP: 37/40 MP: 0/0
  3290 | D:2      | Learned a level 2 spell: Static Discharge
  3672 | D:2      | Reached skill level 3 in Fighting
  4560 | D:3      | Found a runed translucent door.
  4560 | D:3      | Noticed BleedingAnus's ghost (amateur MiBe)
  4819 | D:4      | Noticed Menkaure
  4895 | D:4      | Killed Menkaure
  4896 | D:4      | Reached skill level 4 in Fighting
  4896 | D:4      | Reached XP level 6. HP: 9/47 MP: 0/0
  5998 | D:4      | Found a glowing golden altar of the Shining One.
  6020 | D:4      | Reached XP level 7. HP: 41/53 MP: 0/0
  6020 | D:4      | Learned a level 3 spell: Gell's Gravitas
  7045 | D:4      | Reached skill level 5 in Fighting
  7386 | D:5      | Entered Level 5 of the Dungeon
  7613 | D:5      | Reached skill level 5 in Spellcasting
  8417 | D:5      | Reached XP level 8. HP: 57/61 MP: 0/0
  8788 | D:6      | Reached skill level 6 in Fighting
  9295 | D:6      | Killed an unseen horror
  9788 | D:6      | Reached skill level 7 in Fighting
 10447 | D:7      | Reached XP level 9. HP: 68/68 MP: 0/0
 10447 | D:7      | Learned a level 3 spell: Lesser Beckoning
 10506 | D:7      | Found a staircase to the Ecumenical Temple.
 10512 | Temple   | Entered the Ecumenical Temple
 10764 | Temple   | Became a worshipper of Qazlal Stormbringer
 10973 | D:7      | Reached skill level 8 in Fighting
 11516 | D:7      | Found Lufurane's CLEARANCE SALE!.
 11523 | D:7      | Bought a scroll of torment for 45 gold pieces
 11554 | D:8      | Noticed Grum
 11564 | D:8      | Killed Grum
 11567 | D:8      | Reached skill level 9 in Fighting
 11767 | D:8      | Noticed a troll
 11776 | D:8      | Killed a troll
 11776 | D:8      | Reached * piety under Qazlal
 11777 | D:8      | Reached XP level 10. HP: 53/78 MP: 0/0
 11910 | D:8      | Noticed Pikel
 11920 | D:8      | Killed Pikel
 12043 | D:8      | Noticed Erica
 12051 | D:8      | Killed Erica
 12052 | D:8      | Reached skill level 10 in Fighting
 12298 | D:8      | Reached skill level 11 in Fighting
 12364 | D:8      | Reached XP level 11. HP: 87/87 MP: 0/0
 12364 | D:8      | Learned a level 5 spell: Metabolic Englaciation
 12369 | D:8      | Reached ** piety under Qazlal
 12960 | D:9      | Found a staircase to the Lair.
 12970 | D:9      | Reached skill level 12 in Fighting
 13005 | D:9      | Reached *** piety under Qazlal
 13276 | D:9      | Found a staircase to the Orcish Mines.
 13319 | D:9      | Identified the +12 mace "Niso" {freeze, Dex+3}
 13519 | D:10     | Entered Level 10 of the Dungeon
 13519 | D:10     | Noticed Gastronok
 13731 | D:10     | Reached skill level 10 in Spellcasting
 13795 | D:10     | Killed Gastronok
 13859 | D:10     | Reached **** piety under Qazlal
 14071 | D:10     | You are sucked into a shaft and drop 2 floors!
 14111 | D:11     | Noticed Harold
 14111 | D:11     | Noticed a manticore
 14123 | D:11     | Killed a manticore
 14124 | D:11     | Reached XP level 12. HP: 75/96 MP: 0/0
 14127 | D:11     | Killed Harold
 14128 | D:11     | Reached skill level 13 in Fighting
 14270 | D:10     | Identified the +12 dire flail "Kusixt" {freeze, Fragile
                  | Will+ rCorr Int+3}
 14604 | D:11     | Noticed a skeletal warrior
 14604 | D:11     | Noticed a skeletal warrior
 14608 | D:11     | Noticed a skeletal warrior
 14611 | D:11     | Noticed a skeletal warrior
 14612 | D:11     | Noticed a skeletal warrior
 14616 | D:11     | Killed a skeletal warrior
 14697 | D:11     | Noticed a boulder beetle
 14716 | D:11     | Killed a boulder beetle
 14852 | D:11     | Noticed a two-headed ogre
 14858 | D:11     | Killed a two-headed ogre
 15030 | D:11     | Killed a skeletal warrior
 15148 | D:11     | Killed a skeletal warrior
 15484 | D:11     | Killed a skeletal warrior
 15526 | D:11     | Killed a skeletal warrior
 15527 | D:11     | Reached skill level 14 in Fighting
 15892 | Lair:1   | Entered Level 1 of the Lair of Beasts
 16497 | Lair:2   | Reached XP level 13. HP: 74/106 MP: 0/0
 16497 | Lair:2   | Learned a level 5 spell: Freezing Cloud
 16569 | Lair:2   | Found a blossoming altar of Fedhas.
 16860 | Lair:2   | Identified the +2 helmet of Ru's Regard {+Blink MP+9 Dex+4}
 17026 | Lair:2   | Reached skill level 15 in Fighting
 17669 | D:3      | Killed BleedingAnus's ghost
 18158 | Lair:3   | Noticed a four-headed hydra
 18165 | Lair:3   | Killed a four-headed hydra
 18533 | Lair:3   | Found a hole to the Spider Nest.
 18915 | Lair:4   | Reached ***** piety under Qazlal
 18997 | Lair:4   | Found a frozen archway.
 19020 | IceCv    | Entered an ice cave
 19065 | IceCv    | Reached skill level 1 in Invocations
 19065 | IceCv    | Reached XP level 14. HP: 106/114 MP: 0/0
 19310 | IceCv    | Noticed a frost giant
 19331 | IceCv    | Killed a frost giant
 19331 | IceCv    | Killed from afar by a rime drake

Illustrated notes

Levels and vault maps discovered:
D:1:      dpeg_arrival_circle_labyrinth_c, layout_basic,
          shapermc_ecumenical_altar_acropolis
D:2:      layout_loops_ring, serial_bayou_pond_e, minmay_joined_circles
D:3:      layout_loops_ring, gammafunk_ghost_grave, minmay_pentomino_pile
D:4:      layout_basic, nicolae_tso_besieged_by_evil, uniq_menkaure
D:5:      layout_loops_ring, minmay_splitting_lines, minmay_mini_ossuary
D:6:      layout_basic
D:7:      layout_rooms, minmay_temple_entry_fiery, kennysheep_small_spiral,
          nicolae_concentric_dashed_squares_wild, nicolae_shop_clearance
D:8:      minmay_general_purpose_star, layout_loops_ring, uniq_grum, uniq_pikel,
          uniq_erica
D:9:      layout_cave_pools, due_lair_maze_entry_diamond, minmay_puff
D:10:     layout_cave_pools, serial_gnoll_camp, gnoll_camp_medium_01,
          grums_kennel, gnoll_camp_mini_loothouse, gnoll_camp_mini_basic,
          uniq_gastronok
D:11:     layout_stronghold, uniq_harold
D:12:     layout_loops_corners, uniq_jorgrun
Temple:   mainiacjoe_temple_trianglar_array
Lair:1:   layout_gridlike
Lair:2:   layout_chaotic_city, tgw_fedhas
Lair:3:   layout_chaotic_city, spider_nest_entry_web_field, serial_bayou_shore_a
Lair:4:   layout_roguey, elwin_shoals_entry_rocks, portal_ice_cave_demonic_guard
IceCv:    ice_cave_small_giant

Skill      XL: |  1  2  3  4  5  6  7  8  9 10 11 12 13 14 |
---------------+-------------------------------------------+-----
Fighting       | 1 2 4 5 7 9 11 12 14 15 | 15.0
Spellcasting   | 3 4 5 6 7 8 10 11 13 | 13.8
Invocations    | 1 3 |  3.7
Dodging        | |  2.1
Stealth        | |  1.5

Action                   |  1- 3 |  4- 6 |  7- 9 | 10-12 | 13-15 || total
-------------------------+-------+-------+-------+-------+-------++-------
Melee: Dagger            |       |     1 |       |       |       ||     1
       Spear             |       |       |    75 |       |       ||    75
       Punch             |       |       |     1 |       |       ||     1
       Halberd           |       |       |    12 |   106 |       ||   118
       Mace              |       |       |       |   155 |    87 ||   242
Throw: Dart              |       |       |       |     4 |       ||     4
 Cast: Magic Dart        |    72 |   153 |   191 |     2 |       ||   418
       Sandblast         |     5 |    20 |     1 |       |       ||    26
       Blink             |       |     3 |     4 |    10 |     7 ||    24
       Call Imp          |       |     7 |    12 |    13 |     1 ||    33
       Conjure Flame     |       |       |    23 |    80 |    16 ||   119
       Slow              |       |       |     1 |       |       ||     1
       Mephitic Cloud    |       |       |     5 |    19 |       ||    24
       Lesser Beckoning  |       |       |    20 |   115 |    23 ||   158
       Metabolic Englaci |       |       |       |     1 |       ||     1
       Freezing Cloud    |       |       |       |       |    51 ||    51
Invok: Upheaval          |       |       |       |       |     8 ||     8
  Use: Scroll            |       |     7 |     3 |    11 |     6 ||    27
 Stab: Confused          |       |       |       |     4 |       ||     4
Armor: Robe              |     2 |    16 |    55 |       |       ||    73
       Animal skin       |       |       |     2 |       |       ||     2
       Troll leather arm |       |       |       |   114 |    50 ||   164
Dodge: Dodged            |     5 |    40 |   138 |   201 |    43 ||   427
       Repelled          |       |       |       |       |     1 ||     1
Block: Other             |       |    13 |    38 |    27 |       ||    78
       Reflection        |       |     1 |       |       |       ||     1
       Buckler           |       |       |       |    14 |       ||    14
       Kite shield       |       |       |       |    90 |    79 ||   169

Table legend: (Time is in decaauts)
 A = Elapsed time spent in this place.
 B = Non-inter-level travel time spent in this place.
 C = Inter-level travel time spent in this place.
 D = Time resting spent in this place.
 E = Time spent auto-exploring this place.
 F = Levels seen in this place.
 G = Mean time per level.
                   A        B        C        D        E       F      G
               +--------+--------+--------+--------+--------+-----+--------+
         Total |  19589 |  18580 |   1009 |   2366 |  12121 |  18 | 1088.3 |
       Dungeon |  16381 |  15505 |    876 |   2354 |   9825 |  12 | 1365.1 |
        Temple |    293 |    293 |      0 |      0 |    246 |   1 |  293.0 |
          Lair |   2583 |   2451 |    132 |      0 |   1914 |   4 |  645.8 |
      Ice Cave |    330 |    330 |      0 |     12 |    136 |   1 |  330.0 |
               +--------+--------+--------+--------+--------+-----+--------+

Top non-repeatable levels by time:
     D:3: 2585 daAuts
     D:1: 2215 daAuts
     D:5: 1775 daAuts
     D:2: 1674 daAuts
     D:6: 1545 daAuts
    D:11: 1533 daAuts
     D:8: 1197 daAuts
     D:4: 1157 daAuts
  Lair:2: 1073 daAuts
     D:9: 909 daAuts
     D:7: 907 daAuts
    D:10: 863 daAuts
  Lair:3: 771 daAuts
  Lair:1: 615 daAuts
   IceCv: 330 daAuts
